 Dungeon Crawl Stone Soup version 0.22-a0-897-g1b7a381375 (webtiles) character file.

15030 Mirvelgyr the Severer (level 11, -21/88 HPs)
             Began as a Deep Dwarf Fighter on July 31, 2018.
             Was an Elder of Makhleb.
             Hit by a large rock thrown by a cyclops (23 damage)
             ... on level 11 of the Dungeon.
             The game lasted 00:15:55 (7627 turns).

Mirvelgyr the Severer (Deep Dwarf Fighter)          Turns: 7627, Time: 00:15:56

Health: -21/88     AC: 15    Str: 23    XL:     11   Next: 96%
Magic:  1/7        EV: 10    Int:  9    God:    Makhleb [****..]
Gold:   358        SH:  0    Dex: 12    Spells: 10/10 levels left

rFire    . . .     SeeInvis .   K - +6 executioner's axe (freeze)
rCold    . . .     Gourm    .   (shield currently unavailable)
rNeg     . . .     Faith    .   b - +0 plate armour
rPois    .         Spirit   .   (no helmet)
rElec    .         Reflect  .   y - +0 cloak
rCorr    .         Harm     .   h - +1 pair of gloves
MR       ++...                  t - +0 pair of boots
Stlth    ..........             j - amulet of magic regeneration
HPRegen  0.00/turn              o - +4 ring of evasion
MPRegen  0.35/turn              i - ring of protection from magic

@: flying, non-regenerating
A: damage resistance, heal wounds, sense surroundings 2, no regeneration
a: Heal Wounds, Minor Destruction, Lesser Servant of Makhleb, Major Destruction,
Renounce Religion


You were on level 11 of the Dungeon.
You worshipped Makhleb.
Makhleb was greatly pleased with you.
You were not hungry.

You visited 2 branches of the dungeon, and saw 12 of its levels.

You collected 683 gold pieces.
You spent 325 gold pieces at shops.

Inventory:

Hand Weapons
 a - a +1 war axe
 q - a +4 antimagic war axe
 K - a +6 executioner's axe of freezing (weapon)
Armour
 b - a +0 plate armour (worn)
 c - a +0 shield
 h - a +1 pair of gloves (worn)
 t - a +0 pair of boots (worn)
 y - a +0 cloak (worn)
Jewellery
 g - an uncursed ring of ice {unknown}
 i - a ring of protection from magic (right hand)
 j - an amulet of magic regeneration (around neck)
 o - a +4 ring of evasion (left hand)
Wands
 s - a wand of paralysis (11)
 v - a wand of acid (18)
 C - a wand of random effects (98)
 H - a wand of polymorph (12)
 J - a wand of iceblast (7)
Scrolls
 e - 4 scrolls of teleportation
 p - 2 scrolls of noise
 u - 2 scrolls of blinking
 w - 3 scrolls of amnesia
 B - 2 scrolls of immolation
 E - a scroll of magic mapping
 G - a scroll of enchant armour {unknown}
 L - a scroll of fog {unknown}
 M - a scroll of remove curse
Potions
 d - 2 potions of might
 k - a potion of mutation
 l - a potion of cancellation
 m - a potion of haste
 n - a potion of berserk rage {unknown}
 r - 3 potions of brilliance
 x - 3 potions of curing {unknown}
 z - a potion of flight
 A - a potion of resistance {unknown}
Comestibles
 f - 22 rations


   Skills:
 - Level 2.6 Fighting
 + Level 18.8 Axes
 - Level 3.2 Armour
 - Level 6.0 Shields
 - Level 3.9 Invocations


You had 10 spell levels left.
You didn't know any spells.
Your spell library contained the following spells:

 Spells                   Type           Power        Failure   Level  Hunger
 Summon Small Mammal      Summ           #...         100%        1    ##.....
 Summon Ice Beast         Ice/Summ       #.......     100%        4    #####..
 Call Imp                 Summ           #.......     100%        2    ###....
 Stone Arrow              Conj/Erth      #.....       100%        3    ####...
 Spider Form              Tmut/Pois      #.........   100%        3    ####...
 Blade Hands              Tmut           #.........   100%        5    ######.
 Ice Form                 Ice/Tmut       #.......     100%        4    #####..
 Passwall                 Tmut/Erth      #.......     100%        2    ###....
 Sticks to Snakes         Tmut           #.......     100%        2    ###....
 Call Canine Familiar     Summ           #.......     100%        3    ####...
 Lee's Rapid Deconstruct  Erth           #.........   100%        5    ######.
 Sandblast                Erth           #.....       100%        1    ##.....
 Petrify                  Tmut/Erth      #.......     100%        4    #####..
 Beastly Appendage        Tmut           #.....       100%        1    ##.....
 Summon Lightning Spire   Summ/Air       #.......     100%        4    #####..
 Summon Guardian Golem    Hex/Summ       #.......     100%        3    ####...


Dungeon Overview and Level Annotations

Branches:
Dungeon (11/15)            Temple (1/1) D:5            Lair (0/6) D:8
    Orc (0/2) D:10

Altars:
Ashenzari
Cheibriados
Fedhas
Makhleb
Sif Muna
Yredelemnul
Zin

Shops:
D:4 (   D:10 (

Annotations:
D:4 1 runed door
D:11 exclusion: orange crystal statue


Innate Abilities, Weirdness & Mutations

You are resistant to damage.
You can heal yourself by infusing magical energy.
You passively map the area around you.
You do not regenerate.


Message History

The cyclops throws a large rock.
The large rock hits you!!
You slice the orange crystal statue!! You freeze the orange crystal statue.
The orange crystal statue is almost destroyed.
You slice the leopard gecko!! You freeze the leopard gecko.
You kill the leopard gecko!
The leopard gecko's corpse dissolves into shadows!
You barely miss the deep elf mage.
The deep elf mage hits you with a long sword.
You slash the orange crystal statue!
The orange crystal statue is almost destroyed.
Your plate armour prevents you from hitting the deep elf mage.
The cyclops throws a large rock.
The large rock hits you!!!
* * * LOW HITPOINT WARNING * * *
You hit the orange crystal statue but do no damage.
The orange crystal statue is almost destroyed.
You closely miss the deep elf mage.
The deep elf mage points at you and mumbles some strange words.
The bolt of magma misses you.
The cyclops throws a large rock.
The large rock hits you!!
You die...

#####* ** ## ...... , ,
#., .K....# * * * #..
≈§§...# , ##...##≈##..# *
....≈#=[:#≈.# #.≈≈?8e≈≈.#
, ≈#[@|#§.##
##..##§##...##
#..C.≈§≈..†..######### ,
,#....C.K..............##
**
.#########...######.....
* ##### #(#.## , #.#.# **
* #.#.# * * #.#.#


You could see an orange crystal statue, a cyclops, a deep elf mage and a kobold.

Vanquished Creatures
  A hydra (D:10)
  A two-headed ogre (D:7)
  4 unseen horrors
  Pikel (D:4)
  Joseph (D:7)
  3 centaur zombies (D:10)
  The ghost of Varmer the Firebug, a novice HOFE (D:4)
  3 trolls
  Prince Ribbit (D:5)
  2 dream sheep (D:10)
  Sigmund (D:6)
  A wyvern (D:8)
  A wraith (D:10)
  12 yaks
  Eustachio (D:5)
  Grum (D:8)
  Edmund (D:5)
  Duvessa (D:5)
  A swamp drake (D:8)
  A sky beast (D:5)
  A necrophage (D:6)
  An orc warrior (D:8)
  3 ice beasts
  A black bear (D:8)
  6 ogres
  4 wolves (D:8)
  A centaur (D:6)
  5 crocodiles (D:8)
  4 big kobolds
  4 bullfrogs
  A water moccasin zombie (D:6)
  6 scorpions
  A wyvern skeleton (D:11)
  Dowan (D:5)
  21 killer bees
  8 wights
  5 crimson imps
  A quasit (D:11)
  5 jellies
  2 hounds
  4 orc priests
  3 centaur skeletons
  2 iguanas
  Crazy Yiuf (D:4)
  Natasha (twice) (D:3)
  7 orc wizards
  11 worker ants
  2 worker ant zombies (D:6)
  3 gnolls (D:6)
  11 adders
  A shadow imp (D:8)
  2 oozes
  4 worms
  3 dart slugs
  7 leopard geckos
  23 orcs
  A ball python (D:1)
  5 giant cockroaches
  6 hobgoblins
  11 jackals
  5 quokkas
  7 bats
  4 frilled lizards
  7 goblins
  15 kobolds
  A leopard gecko skeleton (D:4)
  A leopard gecko zombie (D:7)
  6 rats
275 creatures vanquished.

Vanquished Creatures (collateral kills)
  Psyche (D:10)
  A gargoyle (D:10)
2 creatures vanquished.

Vanquished Creatures (others)
  4 slaves
  A water moccasin skeleton (D:4)
  An orc wizard (D:4)
  2 orcs (D:4)
  A quokka (D:4)
  A ball python (D:4)
  A frilled lizard (D:4)
  2 fungi (D:2)
13 creatures vanquished.

Grand Total: 290 creatures vanquished

Notes
Turn   | Place    | Note
-------+----------+-------------------------------------------
     0 | D:1      | Mirvelgyr the Deep Dwarf Fighter began the quest for the Orb.
     0 | D:1      | Reached XP level 1. HP: 20/20 MP: 1/1
   190 | D:1      | Reached skill level 3 in Axes
   190 | D:1      | Reached XP level 2. HP: 27/27 MP: 2/2
   388 | D:1      | Reached XP level 3. HP: 25/33 MP: 3/3
   507 | D:1      | Reached skill level 4 in Axes
   984 | D:2      | Reached XP level 4. HP: 23/40 MP: 4/4
  1016 | D:2      | Reached skill level 5 in Axes
  1026 | D:2      | Found a blossoming altar of Fedhas.
  1385 | D:3      | Noticed Natasha
  1393 | D:3      | Killed Natasha
  1393 | D:3      | Reached XP level 5. HP: 36/46 MP: 4/4
  1537 | D:3      | Reached skill level 6 in Axes
  1642 | D:3      | Found a faded altar of an unknown god.
  1653 | D:3      | Noticed Natasha
  1659 | D:3      | Killed Natasha
  1743 | D:4      | Noticed Pikel
  1743 | D:4      | Noticed a slave
  1744 | D:4      | Noticed a slave
  1744 | D:4      | Noticed a slave
  1744 | D:4      | Noticed a slave
  1759 | D:4      | Killed Pikel
  1759 | D:4      | Reached skill level 9 in Axes
  1759 | D:4      | Reached XP level 6. HP: 25/55 MP: 5/5
  1759 | D:4      | Reached XP level 7. HP: 28/61 MP: 6/6
  1791 | D:4      | Found a runed door.
  1791 | D:4      | Noticed Varmer's ghost (novice HOFE)
  1870 | D:4      | Killed Varmer's ghost
  1870 | D:4      | Reached skill level 10 in Axes
  1886 | D:4      | Found a runed door.
  2045 | D:4      | Found Wetre's Weapon Boutique.
  2082 | D:4      | Reached XP level 8. HP: 43/68 MP: 7/7
  2116 | D:4      | Found a runed door.
  2265 | D:4      | Noticed Crazy Yiuf
  2269 | D:4      | Killed Crazy Yiuf
  2654 | D:5      | Entered Level 5 of the Dungeon
  2666 | D:5      | Noticed Dowan
  2667 | D:5      | Noticed Duvessa
  2683 | D:5      | Killed Dowan
  2686 | D:5      | Killed Duvessa
  2686 | D:5      | Reached skill level 11 in Axes
  2746 | D:5      | Noticed Prince Ribbit
  2774 | D:5      | Noticed Eustachio
  2869 | D:5      | Killed Eustachio
  2878 | D:5      | Killed Prince Ribbit
  2878 | D:5      | Reached skill level 12 in Axes
  2902 | D:5      | Found a staircase to the Ecumenical Temple.
  2926 | Temple   | Entered the Ecumenical Temple
  2933 | Temple   | Became a worshipper of Makhleb the Destroyer
  2956 | D:5      | Noticed Edmund
  2971 | D:5      | Killed Edmund
  2971 | D:5      | Gained mutation: You passively map the area around you. [Deep Dwarf growth]
  2971 | D:5      | Reached XP level 9. HP: 47/74 MP: 7/7
  3206 | D:5      | Reached skill level 13 in Axes
  3616 | D:6      | Noticed Sigmund
  3622 | D:6      | Killed Sigmund
  4137 | D:6      | Reached skill level 14 in Axes
  4211 | D:7      | Reached * piety under Makhleb
  4252 | D:7      | Noticed a two-headed ogre
  4268 | D:7      | Killed a two-headed ogre
  4268 | D:7      | Reached skill level 15 in Axes
  4443 | D:7      | Reached XP level 10. HP: 71/81 MP: 1/4
  4506 | D:7      | Noticed Joseph
  4544 | D:7      | Killed Joseph
  4945 | D:8      | Reached ** piety under Makhleb
  5145 | D:8      | Reached skill level 16 in Axes
  5234 | D:8      | Killed an unseen horror
  5463 | D:8      | Reached *** piety under Makhleb
  5481 | D:8      | Found a staircase to the Lair.
  5489 | D:8      | Reached skill level 17 in Axes
  5769 | D:8      | Noticed Grum
  5783 | D:8      | Killed Grum
  5804 | D:8      | Reached XP level 11. HP: 34/88 MP: 1/5
  6322 | D:9      | Reached skill level 1 in Invocations
  6407 | D:9      | Reached skill level 5 in Shields
  6865 | D:10     | Entered Level 10 of the Dungeon
  6872 | D:10     | Found a staircase to the Orcish Mines.
  6920 | D:10     | Found Vegaizae's Antique Weapon Shop.
  6930 | D:10     | Bought a runed executioner's axe for 325 gold pieces
  6967 | D:10     | Noticed Psyche
  6977 | D:10     | Killed Psyche
  6984 | D:10     | Killed an unseen horror
  7046 | D:10     | Reached **** piety under Makhleb
  7046 | D:10     | Reached skill level 18 in Axes
  7077 | D:10     | Noticed a three-headed hydra
  7085 | D:10     | Killed a nine-headed hydra
  7412 | D:10     | Killed an unseen horror
  7591 | D:11     | Killed an unseen horror
  7601 | D:11     | Noticed an orange crystal statue
  7624 | D:11     | Noticed a deep elf mage
  7626 | D:11     | HP: 2/88 [cyclops/large rock (34)]
  7627 | D:11     | Hit by a large rock thrown by a cyclops

Vault maps used:
D:1:      sevenhm_arrival_forest_fort_small_5
D:2:      fedhas_altar_3, first_ration, kennysheep_generic_room_9
D:3:      chequers_ecumenical_altar_simple, grunt_ministairs_12, uniq_natasha
D:4:      serial_shops, nicolae_shop_trees, ebering_ghost_sewer_f,
          minmay_misc_feat_encased, minmay_close_crescents,
          uniq_crazy_yiuf_cottage, uniq_pikel
D:5:      minmay_temple_entry_junction, serial_glass, glass_columns_a,
          glass_columns_b, uniq_eustachio, uniq_prince_ribbit1, uniq_edmund,
          uniq_duvessa
D:6:      uniq_sigmund
D:7:      uniq_joseph
D:8:      erik_lair_dragon, uniq_grum
D:10:     orc_0_dummy, serial_shops, shop_fountains, hangedman_ranch,
          uniq_psyche
D:11:     minivault_15
Temple:   compressed_dpeg_circular_temple

Skill      XL: |  1  2  3  4  5  6  7  8  9 10 11 |
---------------+----------------------------------+-----
Axes           | 3 4 5 9 10 12 15 17 18 | 18.8
Invocations    | 3 |  3.9
Shields        | 6 |  6.0
Fighting       | |  2.6
Armour         | |  3.2

Action                   |  1- 3 |  4- 6 |  7- 9 | 10-12 || total
-------------------------+-------+-------+-------+-------++-------
Melee: War axe           |   116 |    96 |   468 |   418 ||  1098
       Executioner's axe |       |       |       |    93 ||    93
Invok: Minor Destruction |       |       |       |     1 ||     1
       Lesser Servant of |       |       |       |     2 ||     2
 Abil: Heal Wounds       |       |     1 |    21 |     6 ||    28
  Use: Potion            |       |       |     1 |     5 ||     6
       Scroll            |       |       |    12 |     7 ||    19
 Stab: Confused          |       |       |       |     1 ||     1
  Eat: Chunk             |     1 |     2 |    10 |     5 ||    18
       Ration            |       |       |       |     2 ||     2
Armor: Scale mail        |    74 |    32 |   130 |       ||   236
       Chain mail        |       |       |     2 |   148 ||   150
       Plate armour      |       |       |       |   151 ||   151
Dodge: Dodged            |    56 |    43 |   176 |   193 ||   468
Block: Shield            |    66 |    52 |   205 |   191 ||   514

Table legend:
 A = Spawn XP
 B = Non-spawn XP
 C = Spawn XP percentage of total XP
 D = Spawn monster count
 E = Non-spawn monster count
 F = Spawn count percentage of total count
 G = Total turns spent on level
                    A         B        C        D         E        F      G
               +---------+---------+-------+---------+---------+-------+---------
         Total |       0 |   21472 |   0.0 |       0 |     277 |   0.0 |  7627
               +---------+---------+-------+---------+---------+-------+---------
           D:1 |       0 |      62 |   0.0 |       0 |      29 |   0.0 |   685
           D:2 |       0 |      90 |   0.0 |       0 |      20 |   0.0 |   584
           D:3 |       0 |     111 |   0.0 |       0 |      16 |   0.0 |   470
           D:4 |       0 |    1393 |   0.0 |       0 |      22 |   0.0 |   915
           D:5 |       0 |    1669 |   0.0 |       0 |      20 |   0.0 |   691
           D:6 |       0 |     871 |   0.0 |       0 |      18 |   0.0 |   775
           D:7 |       0 |    2266 |   0.0 |       0 |      28 |   0.0 |   785
           D:8 |       0 |    4607 |   0.0 |       0 |      62 |   0.0 |  1280
           D:9 |       0 |    2010 |   0.0 |       0 |      22 |   0.0 |   663
          D:10 |       0 |    7179 |   0.0 |       0 |      34 |   0.0 |   674
          D:11 |       0 |    1214 |   0.0 |       0 |       6 |   0.0 |    88
               +---------+---------+-------+---------+---------+-------+---------
